[Event "Saturday 20 January Rapid Engine Tour 12+1 Rounds 9 Starts 1600 ST"]
[Site "Infinity Chess"]
[Date "2018.1.20"]
[Round "1"]
[White "Gilgamesch"]
[Black "hafaba"]
[Result "1/2-1/2"]
[ECO "B00"]
[WhiteElo "2504"]
[BlackElo "2450"]
[WhiteEngine "BrainFish_171005_x64_bmi2"]
[BlackEngine "Stockfish SL FA POPCNT_CTG"]
[EventType "Swiss"]
[WhiteTeam ""]
[BlackTeam ""]
[PlyCount "126"]
[TimeControl "720+1"]

1. e4 Nc6 2. d4 d5 3. e5 Bf5 4. c3 f6 5. f4 e6 6. Nf3 Be7 7. Be2 Nh6 8. Nbd2 O-O 
9. O-O a5 10. exf6 Bxf6 11. Re1 a4 12. Nf1 Nf7 13. Ng3 Nd6 14. Nxf5 exf5 
15. Qc2 Ne7 16. Be3 Ne4 17. Bd3 c6 18. Rac1 b5 19. Ne5 Qc7 20. Qe2 g6 
21. Qc2 Qb7 22. g3 Ra7 23. Be2 Nc8 24. Bf3 Ncd6 25. b3 Rfa8 26. Re2 Kg7 
27. Kg2 Kg8 28. Kg1 Bg7 29. Kg2 axb3 30. axb3 Bf6 31. Nd3 Be7 32. h3 Ra3 
33. Kh2 Qa7 34. Nb4 Qb7 35. Nd3 Bd8 36. Rg2 R8a7 37. Re1 Bb6 38. Bc1 Ra2 
39. Bb2 Ba5 40. Qc1 Rxb2 41. Nxb2 Bxc3 42. Bxe4 Bxe1 43. Bf3 Ba5 44. Nd3 Ne4 
45. Ne5 Ra6 46. Bxe4 dxe4 47. g4 fxg4 48. Qe3 gxh3 49. Qxh3 c5 50. dxc5 Kg7 
51. Ra2 Qd5 52. c6 Bd2 53. Rxa6 Bxf4+ 54. Kg1 Qc5+ 55. Kf1 Qc1+ 56. Ke2 Qd2+ 
57. Kf1 Qc1+ 58. Ke2 Qc2+ 59. Kf1 Qd1+ 60. Kg2 Qe2+ 61. Kh1 Qd1+ 62. Kg2 Qc2+ 
63. Kf1 Qc1+ 1/2-1/2

[Event "Saturday 27 January Rapid Engine Tour 12+1 Rounds 9 Starts 1600 ST"]
[Site "Infinity Chess"]
[Date "2018.1.27"]
[Round "9"]
[White "incredible"]
[Black "KillBill2017"]
[Result "1/2-1/2"]
[ECO "C53"]
[WhiteElo "2422"]
[BlackElo "2321"]
[WhiteEngine "Houdini 6"]
[BlackEngine "Stockfish_x64_230118_Color_Contempt_pop_720mingw_CTG"]
[EventType "Swiss"]
[WhiteTeam ""]
[BlackTeam ""]
[PlyCount "118"]
[TimeControl "720+1"]

1. e4 e5 2. Nf3 Nc6 3. Bc4 Bc5 4. c3 Nf6 5. d4 exd4 6. e5 d5 7. Bb5 Ne4 
8. cxd4 Bb6 9. O-O Bg4 10. a4 a5 11. Nc3 O-O 12. Bxc6 bxc6 13. h3 Bxf3 
14. Qxf3 Bxd4 15. Nxe4 dxe4 16. Qxe4 Re8 17. Qxc6 Rxe5 18. Bf4 Rc5 19. Qf3 Rb8 
20. Rad1 g6 21. Rfe1 Qf6 22. Re4 Bxb2 23. Rd7 g5 24. Be3 Qxf3 25. gxf3 Re5 
26. Rg4 h5 27. Rg3 Rf5 28. Rxc7 Rb4 29. Rc5 Rxc5 30. Bxc5 Rxa4 31. Rxg5+ Kh7 
32. Be3 h4 33. Bd2 Ra1+ 34. Kg2 a4 35. Rh5+ Kg6 36. Rxh4 Kf6 37. Bh6 Kf5 
38. Re4 a3 39. Ra4 Bc3 40. Be3 a2 41. h4 Kg6 42. Ra6+ f6 43. f4 Kh5 44. f5 Kg4 
45. h5 Kxf5 46. h6 Kg6 47. Kf3 Kh7 48. Ra7+ Kg6 49. Ra4 Be5 50. Ke4 Bc3 
51. Ra7 f5+ 52. Kf3 Bb2 53. Ra6+ Kh7 54. Kf4 Bc1 55. Bxc1 Rxc1 56. Rxa2 Kxh6 
57. Kxf5 Rb1 58. Ra6+ Kg7 59. Rg6+ Kf7 1/2-1/2

[Event "Saturday 27 January Rapid Engine Tour 12+1 Rounds 9 Starts 1600 ST"]
[Site "Infinity Chess"]
[Date "2018.1.27"]
[Round "9"]
[White "neófito"]
[Black "star99"]
[Result "1/2-1/2"]
[ECO "B90"]
[WhiteElo "2432"]
[BlackElo "2351"]
[WhiteEngine "asmfish-bmi2-012018-W_CTG"]
[BlackEngine "Cryptic AIL V2"]
[EventType "Swiss"]
[WhiteTeam ""]
[BlackTeam ""]
[PlyCount "197"]
[TimeControl "720+1"]

1. e4 c5 2. Nf3 d6 3. d4 cxd4 4. Nxd4 Nf6 5. Nc3 a6 6. Be3 e5 7. Nb3 Be6 
8. f3 h5 9. Qd2 Nbd7 10. Nd5 Nxd5 11. exd5 Bf5 12. Na5 Rb8 13. a4 Qf6 
14. Bd3 Be7 15. O-O O-O 16. b4 Bd8 17. Nc4 Bxd3 18. Qxd3 Qe7 19. a5 f5 
20. Nd2 Qf7 21. c4 Rc8 22. Rac1 Be7 23. f4 h4 24. h3 e4 25. Qe2 Nf6 26. Nb3 Nh5 
27. Qd2 Bf6 28. Nd4 Ng3 29. Rfe1 Rfe8 30. Rc2 Bxd4 31. Qxd4 Qd7 32. Qb2 Rc7 
33. Bb6 Rcc8 34. Be3 Rc7 35. Rcc1 Qa4 36. Ra1 Qd7 37. Rac1 Qa4 38. Bb6 Rce7 
39. Ra1 Qd7 40. Be3 Rc8 41. Qa2 Qe8 42. Rac1 Rec7 43. Qb3 Nh5 44. Rf1 Ng3 
45. Rf2 Qh5 46. Kh2 Ne2 47. Re1 Ng3 48. c5 Qf7 49. Rd2 Nh5 50. Rc1 Qg6 
51. Kg1 Qg3 52. Rf2 Nf6 53. Rc3 Qg6 54. Rd2 Qf7 55. Qd1 Qe8 56. Rc4 Kh7 
57. Kh2 Kg8 58. Kg1 Kh7 59. Rdc2 Qf7 60. c6 Re8 61. Rd4 Rec8 62. Bf2 bxc6 
63. dxc6 Rxc6 64. Rxc6 Rxc6 65. Rxd6 Qc7 66. Rxc6 Qxc6 67. Bxh4 e3 68. Be1 Qc4 
69. Qf3 Qd3 70. Kh2 Kh6 71. b5 axb5 72. Qc6 Qf1 73. Bg3 b4 74. Qe6 Kg6 75. a6 b3 
76. Qxb3 Qxa6 77. Qxe3 Qd6 78. Qe2 Kf7 79. Qf3 Kg8 80. Qc3 Kh7 81. Qc4 Nh5 
82. Qf7 Qg6 83. Qb3 Qd6 84. Qf7 Nf6 85. Qc4 Nh5 86. Qc2 Qe6 87. Qd1 Kg6 
88. Qd8 Kf7 89. Bh4 Qe4 90. Bg5 Qe3 91. Qd5+ Kg6 92. Qd6+ Kf7 93. Qd7+ Kg6 
94. Qc6+ Kh7 95. Qb5 Qg3+ 96. Kg1 Qe3+ 97. Kh2 Qg3+ 98. Kg1 Qe3+ 99. Kh2 1/2-1/2

[Event "Saturday 27 January Rapid Engine Tour 12+1 Rounds 9 Starts 1600 ST"]
[Site "Infinity Chess"]
[Date "2018.1.27"]
[Round "9"]
[White "Thinker"]
[Black "Dovahkiin"]
[Result "1/2-1/2"]
[ECO "C11"]
[WhiteElo "2434"]
[BlackElo "2408"]
[WhiteEngine "BrainFish_180124_x64_modern_CTG"]
[BlackEngine "BrainFish_180113_x64_modern_CTG"]
[EventType "Swiss"]
[WhiteTeam ""]
[BlackTeam ""]
[PlyCount "67"]
[TimeControl "720+1"]

1. e4 e6 2. d4 d5 3. Nc3 Nf6 4. e5 Nfd7 5. f4 c5 6. Nf3 Nc6 7. Be3 cxd4 
8. Nxd4 Qb6 9. Qd2 Qxb2 10. Rb1 Qa3 11. Bb5 Nxd4 12. Bxd4 a6 13. Bxd7+ Bxd7 
14. Rb3 Qe7 15. Rxb7 Rc8 16. O-O Qd8 17. Qf2 Rxc3 18. Bxc3 Qc8 19. Rb3 Ba4 
20. Bd4 Bxb3 21. axb3 Be7 22. c3 O-O 23. b4 Qc6 24. h3 Bd8 25. f5 f6 
26. fxe6 Qxe6 27. exf6 Bxf6 28. Bxf6 Rxf6 29. Qd4 Rxf1+ 30. Kxf1 Qf6+ 
31. Qxf6 gxf6 32. Ke2 Kf7 33. g3 Ke6 34. Ke3 1/2-1/2

[Event "Saturday 27 January Rapid Engine Tour 12+1 Rounds 9 Starts 1600 ST"]
[Site "Infinity Chess"]
[Date "2018.1.27"]
[Round "9"]
[White "Marsell"]
[Black "Susanne"]
[Result "1/2-1/2"]
[ECO "B32"]
[WhiteElo "2462"]
[BlackElo "2462"]
[WhiteEngine "asmFishW_2018-01-11_popcnt"]
[BlackEngine "asmfish-bmi2-012118-W_CTG"]
[EventType "Swiss"]
[WhiteTeam ""]
[BlackTeam ""]
[PlyCount "91"]
[TimeControl "720+1"]

1. e4 c5 2. Nf3 Nc6 3. d4 cxd4 4. Nxd4 e5 5. Nb5 d6 6. N1c3 a6 7. Na3 b5 
8. Nd5 Nf6 9. c3 Be7 10. Nxf6+ Bxf6 11. Nc2 O-O 12. Bd3 Be6 13. O-O Qd7 
14. a4 Rab8 15. Ne3 Bd8 16. Bc2 b4 17. Qd3 a5 18. Rd1 Bc7 19. Qe2 Rfd8 
20. Bd3 bxc3 21. bxc3 Bb6 22. Bb5 Qc7 23. Bc4 Ne7 24. Bxe6 fxe6 25. Qa2 Kf7 
26. Nc4 Bc5 27. Qe2 Kg8 28. Bg5 Rd7 29. Rab1 Rxb1 30. Rxb1 Ng6 31. Rb5 Rf7 
32. Be3 Nf4 33. Qd2 Bxe3 34. Nxe3 Qxc3 35. Rb8+ Rf8 36. Rxf8+ Kxf8 37. Qxd6+ Ke8 
38. h3 Qe1+ 39. Kh2 Qxf2 40. Qc6+ Ke7 41. Qc7+ Kf8 42. Qd6+ Kf7 43. Qd7+ Kf8 
44. Qd6+ Kf7 45. Qd7+ Kf8 46. Qd6+ 1/2-1/2

[Event "Saturday 27 January Rapid Engine Tour 12+1 Rounds 9 Starts 1600 ST"]
[Site "Infinity Chess"]
[Date "2018.1.27"]
[Round "9"]
[White "Ninja_Bp"]
[Black "hafaba"]
[Result "1/2-1/2"]
[ECO "B00"]
[WhiteElo "2451"]
[BlackElo "2471"]
[WhiteEngine "Houdini 6"]
[BlackEngine "SF SL FA 26012018 POPCNT_CTG"]
[EventType "Swiss"]
[WhiteTeam ""]
[BlackTeam ""]
[PlyCount "151"]
[TimeControl "720+1"]

1. e4 Nc6 2. d4 d5 3. e5 Bf5 4. c3 e6 5. Bd3 Nge7 6. b4 Bxd3 7. Qxd3 Nf5 
8. Ne2 f6 9. f4 Be7 10. Ng3 Nh4 11. exf6 Bxf6 12. O-O O-O 13. Nd2 Ne7 14. Nb3 b6 
15. Nh5 Nef5 16. g3 Ng6 17. Nxf6+ gxf6 18. Ba3 Re8 19. Nd2 Qd7 20. Rf2 Qa4 
21. Bb2 a5 22. a3 Nd6 23. Re1 axb4 24. cxb4 Re7 25. Rfe2 Qe8 26. Qf3 Nf8 
27. h3 Ra7 28. Kh2 h5 29. Rg2 c6 30. Qe2 Rg7 31. Rc1 Nf5 32. Rcg1 Rae7 
33. Qf2 b5 34. Rc1 Rg6 35. Nf1 Nd6 36. Nd2 Reg7 37. Re1 f5 38. Reg1 Nd7 
39. Nf3 Nf6 40. Qc2 Nc4 41. Bc1 Ra7 42. Ne5 Rgg7 43. Qb3 Qa8 44. Nd3 Nxa3 
45. Nc5 Kf7 46. Bxa3 Rxa3 47. Qd1 Rh7 48. Qe1 Ne4 49. Rc2 Kf6 50. Rgg2 Kg6 
51. Qe2 Kf6 52. Qe1 Qa7 53. Qe2 Qc7 54. Ra2 Rxa2 55. Qxa2 h4 56. Nxe4+ dxe4 
57. g4 Qxf4+ 58. Kh1 Qf1+ 59. Kh2 Qf4+ 60. Kh1 Qf1+ 61. Kh2 Rg7 62. Qa8 Qf4+ 
63. Kh1 Kf7 64. Qxc6 fxg4 65. Qd7+ Kg8 66. Qxe6+ Kh7 67. Rxg4 Rxg4 68. hxg4 e3 
69. Qd7+ Kg6 70. Qe6+ Kg7 71. Qe7+ Kh6 72. Qe6+ Kg5 73. Qg8+ Kh6 74. Qe6+ Kg5 
75. Qg8+ Kh6 76. Qe6+ 1/2-1/2

[Event "Saturday 27 January Rapid Engine Tour 12+1 Rounds 9 Starts 1600 ST"]
[Site "Infinity Chess"]
[Date "2018.1.27"]
[Round "9"]
[White "IronMan"]
[Black "KRAKEN"]
[Result "1/2-1/2"]
[ECO "C53"]
[WhiteElo "2417"]
[BlackElo "2495"]
[WhiteEngine "SF SL FA 250118-IDeA"]
[BlackEngine "Raubfisch X37b4_CTG"]
[EventType "Swiss"]
[WhiteTeam ""]
[BlackTeam ""]
[PlyCount "82"]
[TimeControl "720+1"]

1. e4 e5 2. Nf3 Nc6 3. Bc4 Bc5 4. c3 Nf6 5. d3 O-O 6. O-O d6 7. h3 a6 8. Re1 Ba7 
9. a4 Ne7 10. d4 Ng6 11. Nbd2 c6 12. Bf1 Re8 13. Qc2 Qc7 14. dxe5 Nxe5 
15. Nxe5 dxe5 16. a5 h6 17. Nf3 Qe7 18. Bd2 Bd7 19. Qb3 Qd6 20. Rad1 Qc7 
21. c4 Rad8 22. Bd3 Bc5 23. Bc2 Bc8 24. Bc3 Nh5 25. Bxe5 Qxa5 26. Bb1 Bb4 
27. Rxd8 Rxd8 28. Re3 g5 29. Bc3 Bxc3 30. bxc3 g4 31. hxg4 Bxg4 32. e5 Bxf3 
33. gxf3 Kf8 34. Qxb7 Rd1+ 35. Kh2 Qd8 36. Re4 Qg5 37. Qc8+ Rd8 38. Qh3 Rd2 
39. Qc8+ Rd8 40. Qg4 Rd1 41. Qc8+ Rd8 1/2-1/2

[Event "Saturday 27 January Rapid Engine Tour 12+1 Rounds 9 Starts 1600 ST"]
[Site "Infinity Chess"]
[Date "2018.1.27"]
[Round "9"]
[White "MiKachomiKa QueeN"]
[Black "Gilgamesch"]
[Result "1/2-1/2"]
[ECO "C50"]
[WhiteElo "2445"]
[BlackElo "2466"]
[WhiteEngine "stockfish_18012314_x64_modern_CTG"]
[BlackEngine "BrainFish_171005_x64_bmi2"]
[EventType "Swiss"]
[WhiteTeam ""]
[BlackTeam ""]
[PlyCount "133"]
[TimeControl "720+1"]

1. e4 e5 2. Nf3 Nc6 3. Bc4 Bc5 4. d3 Nf6 5. c3 a5 6. O-O d6 7. Bg5 O-O 
8. Nbd2 h6 9. Bh4 g5 10. Bg3 Kg7 11. Re1 g4 12. Bh4 gxf3 13. Qxf3 Be6 
14. Rad1 Bxc4 15. Nxc4 Qe7 16. Qg3+ Kh7 17. Qf3 Kg7 18. Qg3+ Kh7 19. d4 exd4 
20. Qf4 Qe6 21. Bxf6 dxc3 22. Bxc3 f5 23. e5 d5 24. Nd2 Rad8 25. Nb3 b6 
26. Nc1 Ne7 27. Bd2 Rg8 28. Qf3 Rg4 29. Ne2 Ng6 30. Qh3 f4 31. Kf1 Qf5 
32. f3 Rg5 33. Qxf5 Rxf5 34. e6 c6 35. Nc3 Be7 36. Na4 Rb8 37. Rc1 c5 38. a3 Bh4 
39. Re2 Ne7 40. Nc3 d4 41. Nb5 Nd5 42. Re4 Be7 43. Na7 Re8 44. Nc6 Ne3+ 
45. Bxe3 fxe3 46. Ke2 Rf6 47. b4 Bf8 48. e7 Rxc6 49. exf8=Q Rxf8 50. Rxd4 cxd4 
51. Rxc6 axb4 52. axb4 Ra8 53. Kd3 Ra1 54. Rxb6 Rd1+ 55. Ke2 Rd2+ 56. Ke1 Rxg2 
57. Rd6 Rxh2 58. Rxd4 Kg6 59. b5 Rb2 60. Rd6+ Kg5 61. b6 h5 62. Rd5+ Kf4 
63. Rxh5 Rxb6 64. Rh3 Rb8 65. Rh4+ Kxf3 66. Rh3+ Ke4 67. Rh5 1/2-1/2

[Event "Saturday 27 January Rapid Engine Tour 12+1 Rounds 9 Starts 1600 ST"]
[Site "Infinity Chess"]
[Date "2018.1.27"]
[Round "9"]
[White "BraveDevil"]
[Black "RonWeasley"]
[Result "1/2-1/2"]
[ECO "C00"]
[WhiteElo "2457"]
[BlackElo "2464"]
[WhiteEngine "Cryptic AIL V2"]
[BlackEngine "BrainFish 060118_CTG"]
[EventType "Swiss"]
[WhiteTeam ""]
[BlackTeam ""]
[PlyCount "100"]
[TimeControl "720+1"]

1. e4 e6 2. Nc3 d5 3. d4 Nf6 4. e5 Nfd7 5. f4 c5 6. Nf3 Nc6 7. Be3 cxd4 
8. Nxd4 Qb6 9. Qd2 Qxb2 10. Rb1 Qa3 11. Bb5 Nxd4 12. Bxd4 a6 13. Bxd7+ Bxd7 
14. Rb3 Qe7 15. Rxb7 Rc8 16. O-O Qd8 17. f5 exf5 18. Qd3 Bc5 19. Bxc5 Rxc5 
20. Nxd5 Bc8 21. Re7+ Kf8 22. Qa3 Qa5 23. Qxa5 Rxa5 24. Rc7 Be6 25. Nf4 Rxe5 
26. Nxe6+ Rxe6 27. Rxf5 Re7 28. Rc8+ Re8 29. Rfc5 Ke7 30. R8c6 g6 31. h4 Kf8 
32. Rxa6 Kg7 33. Ra7 Ra8 34. Rca5 Rxa7 35. Rxa7 Rc8 36. Kf2 Rxc2+ 37. Kf3 Rc4 
38. Kg3 Kf6 39. a4 h5 40. Ra6+ Ke5 41. Ra5+ Kd4 42. Ra7 Kd5 43. a5 Ra4 
44. Rxf7 Rxa5 45. Rf6 Ra3+ 46. Kh2 Ra4 47. Rxg6 Rxh4+ 48. Kg3 Rh1 49. Kf4 Rg1 
50. g3 h4 1/2-1/2

[Event "Saturday 27 January Rapid Engine Tour 12+1 Rounds 9 Starts 1600 ST"]
[Site "Infinity Chess"]
[Date "2018.1.27"]
[Round "9"]
[White "Murx"]
[Black "angriff"]
[Result "1/2-1/2"]
[ECO "A40"]
[WhiteElo "2524"]
[BlackElo "2414"]
[WhiteEngine "BrainFish_180113_x64_modern"]
[BlackEngine "Stockfish SL FA POPCNT_CTG"]
[EventType "Swiss"]
[WhiteTeam ""]
[BlackTeam ""]
[PlyCount "103"]
[TimeControl "720+1"]

1. d4 c6 2. e4 d5 3. e5 c5 4. dxc5 e6 5. a3 Bxc5 6. Nf3 Ne7 7. b4 Bb6 8. Bb2 a5 
9. Nbd2 O-O 10. Bd3 Ng6 11. g3 Bc7 12. O-O Nd7 13. Qe2 b6 14. h4 h6 15. Nb3 Bb7 
16. h5 Ne7 17. Nbd4 Nc5 18. bxc5 bxc5 19. c3 cxd4 20. cxd4 Qd7 21. Rfc1 Rfc8 
22. Kg2 Bd8 23. Rxc8 Bxc8 24. Rc1 Rb8 25. Bc3 Qa4 26. Bc2 Qc4 27. Bd3 Qa4 
28. Bc2 Qc4 29. Qd2 Ra8 30. g4 Ba6 31. Qf4 Rc8 32. g5 Qxc3 33. Bh7+ Kxh7 
34. Rxc3 Rxc3 35. Qxf7 Bd3 36. gxh6 Nf5 37. Ne1 Nxh6 38. Qe8 Bf5 39. Qxd8 Rxa3 
40. f3 a4 41. Qa5 Nf7 42. Kg3 Ng5 43. Qd8 Kh6 44. Kf4 Nh3+ 45. Kg3 Ng5 
46. Kh4 Nxf3+ 47. Nxf3 Rxf3 48. Qh8+ Bh7 49. Qe8 Bf5 50. Qh8+ Bh7 51. Qe8 Bf5 
52. Qh8+ 1/2-1/2

[Event "Saturday 27 January Rapid Engine Tour 12+1 Rounds 9 Starts 1600 ST"]
[Site "Infinity Chess"]
[Date "2018.1.27"]
[Round "9"]
[White "Prometheus"]
[Black "xeonrocks"]
[Result "1/2-1/2 "]
[ECO "C55"]
[WhiteElo "2460"]
[BlackElo "2546"]
[WhiteEngine "Eman 1.67a-64bit-IDeA"]
[BlackEngine "asmFishW_CTG"]
[EventType "Swiss"]
[WhiteTeam ""]
[BlackTeam ""]
[PlyCount "208"]
[TimeControl "720+1"]

1. e4 e5 2. Nf3 Nc6 3. Bc4 Nf6 4. d3 Bc5 5. O-O a5 6. c3 d6 7. Re1 O-O 8. h3 h6 
9. Nbd2 Be6 10. Bb5 Qb8 11. Nf1 Qa7 12. Re2 a4 13. Ng3 Qa5 14. Bxc6 bxc6 
15. Nh4 Rfe8 16. Re1 d5 17. exd5 Nxd5 18. Nhf5 Qb6 19. Qf3 Nf4 20. d4 Bf8 
21. dxe5 Ng6 22. Qh5 Ra5 23. Nd4 Bc5 24. Qd1 Rd8 25. Bd2 Raa8 26. Qc2 Bxd4 
27. cxd4 Qxd4 28. Bc3 Qd3 29. Qxd3 Rxd3 30. a3 Nf4 31. Ne2 Nxe2+ 32. Rxe2 c5 
33. f3 Kf8 34. Rd2 c4 35. Bb4+ Kg8 36. Rad1 Rad8 37. Ba5 R8d7 38. Kf2 R7d5 
39. Bc3 c5 40. Ke2 Bd7 41. f4 h5 42. Rxd3 cxd3+ 43. Kf3 g6 44. g4 hxg4+ 
45. hxg4 c4 46. Rd2 Rb5 47. Rh2 Kf8 48. Rh4 Rd5 49. Rh8+ Kg7 50. Rh2 Kg8 
51. Rf2 Rc5 52. Rf1 Rd5 53. Ke4 Bc6 54. Ke3 Bd7 55. Ke4 Bc6 56. Ke3 Bd7 
57. Rg1 Kf8 58. Ke4 Bc6 59. f5 g5 60. Ke3 Ke7 61. Rd1 Rd8 62. Bb4+ Kd7 
63. Rg1 Bd5 64. Rf1 Rh8 65. Kd4 Rh1 66. Rxh1 Bxh1 67. Bd2 Bf3 68. Bxg5 Bxg4 
69. Ke4 Kc6 70. Bc1 Kc7 71. Kf4 Bh3 72. Kg5 Kd7 73. Bd2 Ke8 74. Bb4 Kd7 
75. e6+ Ke8 76. Kf6 fxe6 77. fxe6 Bg4 78. Bd2 Bh3 79. Ke5 Ke7 80. Bg5+ Kf8 
81. Kd5 Ke8 82. Kxc4 Bxe6+ 83. Kxd3 Kd7 84. Kc3 Ba2 85. Kb4 Bb1 86. Kc5 Ke6 
87. Bh4 Ke5 88. Kc4 Ba2+ 89. Kd3 Kd6 90. Be1 Kc5 91. Bf2+ Kb5 92. Kc3 Bb1 
93. Bg3 Ba2 94. Bf4 Be6 95. Be3 Ba2 96. Kd4 Bb1 97. Bf4 Ba2 98. Bh6 Bb1 
99. Kd5 Bc2 100. Kd4 Bb1 101. Bg7 Ba2 102. Bf6 Kc6 103. Be7 Be6 104. Bf8 Ba2 
1/2-1/2

[Event "Saturday 27 January Rapid Engine Tour 12+1 Rounds 9 Starts 1600 ST"]
[Site "Infinity Chess"]
[Date "2018.1.27"]
[Round "8"]
[White "KillBill2017"]
[Black "IronMan"]
[Result "0-1"]
[ECO "C50"]
[WhiteElo "2334"]
[BlackElo "2404"]
[WhiteEngine "Stockfish_x64_230118_Color_Contempt_pop_720mingw_CTG"]
[BlackEngine "SF SL FA 250118-IDeA"]
[EventType "Swiss"]
[WhiteTeam ""]
[BlackTeam ""]
[PlyCount "150"]
[TimeControl "720+1"]

1. e4 e5 2. Nf3 Nc6 3. Bc4 Bc5 4. O-O Nf6 5. d3 d6 6. c3 O-O 7. Bg5 h6 8. Bh4 a6 
9. a4 g5 10. Bg3 Ba7 11. Nbd2 Nh7 12. h3 h5 13. Kh1 Kh8 14. b4 g4 15. Nh4 Qg5 
16. Kh2 Ne7 17. Qe2 Ng6 18. Nxg6+ fxg6 19. h4 Qe7 20. Rh1 Be6 21. Bxe6 Qxe6 
22. Nc4 Qf7 23. Ne3 Rae8 24. Qd2 Qd7 25. a5 Rf7 26. Rae1 Nf8 27. Nc2 Qe7 
28. d4 Kh7 29. Ne3 Ne6 30. d5 Nf4 31. Ref1 Ref8 32. c4 Bd4 33. Rb1 Kg7 34. b5 g5 
35. Nf5+ Rxf5 36. exf5 Rxf5 37. Kg1 gxh4 38. Bxh4 Qf7 39. bxa6 bxa6 40. Bg3 Qg6 
41. Rb3 Rf8 42. Rh2 Bc5 43. Kh1 Qe4 44. f3 Qxc4 45. Rb1 Kg6 46. Bxf4 Rxf4 
47. Rc1 Qb3 48. Qe1 Qe3 49. fxg4 hxg4 50. Qd1 Qe4 51. Rb1 Be3 52. Qe1 Rf2 
53. Rb8 Qf5 54. Rb1 Qe4 55. Rb4 Qd3 56. Rb1 Qf5 57. Qd1 e4 58. Rh8 Kg7 
59. Rh2 Bc5 60. Rh4 Rxg2 61. Ra1 Kg6 62. Ra2 Rg1+ 63. Qxg1 Bxg1 64. Kxg1 Qf3 
65. Rhh2 Qd1+ 66. Kg2 e3 67. Kg3 Qf3+ 68. Kh4 Kf5 69. Kh5 g3+ 70. Kh6 gxh2 
71. Rxh2 Qg3 72. Kh7 Kf6 73. Rh6+ Kf7 74. Rg6 Qxg6+ 75. Kh8 Qg7# 0-1

[Event "Saturday 27 January Rapid Engine Tour 12+1 Rounds 9 Starts 1600 ST"]
[Site "Infinity Chess"]
[Date "2018.1.27"]
[Round "8"]
[White "Dovahkiin"]
[Black "incredible"]
[Result "1/2-1/2"]
[ECO "C55"]
[WhiteElo "2407"]
[BlackElo "2423"]
[WhiteEngine "BrainFish_180113_x64_modern_CTG"]
[BlackEngine "Houdini 6"]
[EventType "Swiss"]
[WhiteTeam ""]
[BlackTeam ""]
[PlyCount "87"]
[TimeControl "720+1"]

1. e4 e5 2. Nf3 Nc6 3. Bc4 Nf6 4. d3 Bc5 5. c3 a5 6. O-O d6 7. Re1 O-O 
8. Nbd2 Be6 9. Bb5 Ne7 10. d4 Ba7 11. h3 Ng6 12. Ba4 c6 13. Bc2 Nh5 14. Nf1 Nhf4 
15. Ng3 f6 16. Be3 d5 17. exd5 Bxd5 18. Nf5 exd4 19. Bxf4 Nxf4 20. N3xd4 Kh8 
21. Qg4 g5 22. g3 h5 23. Qd1 Nxh3+ 24. Kf1 g4 25. Qd3 Bxd4 26. Qxd4 Bf7 
27. Nd6 Bd5 28. Nxb7 Qc7 29. c4 Qxb7 30. cxd5 Qb5+ 31. Kg2 Qxd5+ 32. Qxd5 cxd5 
33. Re7 Rfe8 34. Rh7+ Kg8 35. Bf5 Rab8 36. b3 Re2 37. Rf1 Rxa2 38. Rxh5 Ng5 
39. Rc1 Rxb3 40. Rc8+ Kf7 41. Rc7+ Kg8 42. Rc8+ Kf7 43. Rc7+ Kg8 44. Rc8+ 
1/2-1/2

[Event "Saturday 27 January Rapid Engine Tour 12+1 Rounds 9 Starts 1600 ST"]
[Site "Infinity Chess"]
[Date "2018.1.27"]
[Round "8"]
[White "RonWeasley"]
[Black "star99"]
[Result "1-0"]
[ECO "C55"]
[WhiteElo "2451"]
[BlackElo "2364"]
[WhiteEngine "BrainFish 060118_CTG"]
[BlackEngine "Cryptic AIL V2"]
[EventType "Swiss"]
[WhiteTeam ""]
[BlackTeam ""]
[PlyCount "165"]
[TimeControl "720+1"]

1. e4 e5 2. Nf3 Nc6 3. Bc4 Nf6 4. d3 Bc5 5. c3 d6 6. Bb3 O-O 7. O-O Bd7 8. a4 h6 
9. Re1 a5 10. Na3 Be6 11. Bxe6 fxe6 12. Nc4 Nd7 13. Qb3 b6 14. Ne3 Qe8 
15. Bd2 Rd8 16. h3 Qg6 17. Nh4 Qf7 18. Nf3 Qg6 19. Kh1 Kh7 20. Ng4 h5 
21. Ngh2 Bxf2 22. Rf1 Nc5 23. Qa2 Bg3 24. b4 axb4 25. cxb4 Nxd3 26. Qc4 Ncxb4 
27. Bxb4 Nxb4 28. Qxb4 Bf4 29. Rae1 Qe8 30. Qc3 Qd7 31. Ng1 Kg8 32. h4 c5 
33. Nh3 Qxa4 34. Nxf4 exf4 35. Nf3 Qd7 36. Ng5 e5 37. Qb3+ Kh8 38. Ne6 b5 
39. Nxf8 Rxf8 40. Qd1 b4 41. Qxh5+ Kg8 42. Rb1 Qc7 43. Rfd1 Qb8 44. Qg4 Rf6 
45. Qd7 Qf8 46. Kg1 Kh7 47. Rb3 c4 48. Rxb4 f3 49. Rb2 c3 50. Rc2 fxg2 
51. Rxg2 c2 52. Rxc2 Rg6+ 53. Rg2 Qf3 54. Rdd2 Qe3+ 55. Rdf2 Rxg2+ 
56. Kxg2 Qxe4+ 57. Kh2 Qc4 58. Qf5+ Kh6 59. Rg2 Qxh4+ 60. Qh3 Qxh3+ 61. Kxh3 d5 
62. Re2 e4 63. Kg4 Kg6 64. Rd2 e3 65. Rxd5 Kf6 66. Kf3 e2 67. Kxe2 Ke7 
68. Ke3 Ke6 69. Ke4 g6 70. Rc5 Ke7 71. Ke5 Kd7 72. Rd5+ Ke7 73. Rd3 g5 
74. Rg3 g4 75. Rxg4 Kd7 76. Rc4 Ke7 77. Rc7+ Kd8 78. Kd6 Ke8 79. Ra7 Kf8 
80. Ke6 Kg8 81. Kf6 Kh8 82. Kg6 Kg8 83. Ra8# 1-0

[Event "Saturday 27 January Rapid Engine Tour 12+1 Rounds 9 Starts 1600 ST"]
[Site "Infinity Chess"]
[Date "2018.1.27"]
[Round "8"]
[White "Ninja_Bp"]
[Black "neófito"]
[Result "1/2-1/2"]
[ECO "D02"]
[WhiteElo "2452"]
[BlackElo "2431"]
[WhiteEngine "Houdini 6"]
[BlackEngine "asmfish-bmi2-012018-W_CTG"]
[EventType "Swiss"]
[WhiteTeam ""]
[BlackTeam ""]
[PlyCount "127"]
[TimeControl "720+1"]

1. d4 d5 2. Nf3 Nf6 3. c4 e6 4. Nc3 c6 5. Bg5 h6 6. Bxf6 Qxf6 7. e3 Nd7 
8. Be2 g6 9. O-O Bg7 10. e4 dxe4 11. Nxe4 Qf4 12. Qc2 f5 13. Ned2 c5 14. g3 Qc7 
15. Nh4 Bxd4 16. Nxg6 Rg8 17. Nh4 Nf6 18. Ndf3 Rxg3+ 19. hxg3 Qxg3+ 20. Ng2 Ng4 
21. Qd2 Bxf2+ 22. Rxf2 Qxf2+ 23. Kh1 Bd7 24. Ne5 O-O-O 25. Nxg4 fxg4 26. Rd1 h5 
27. b3 b6 28. Qd3 Qf5 29. Kg1 Qxd3 30. Rxd3 Be8 31. Re3 Rd2 32. Nf4 Bf7 
33. Nxe6 Bxe6 34. Rxe6 Rxa2 35. Kf1 Rb2 36. Bd1 Rh2 37. Ke1 g3 38. Bf3 h4 
39. Rg6 Rb2 40. Rg4 Rxb3 41. Ke2 Rb2+ 42. Ke3 Rh2 43. Kf4 a5 44. Ke5 Rf2 
45. Bd5 a4 46. Rxh4 g2 47. Rg4 a3 48. Rg8+ Kd7 49. Bxg2 a2 50. Bh3+ Kc6 
51. Rg6+ Kb7 52. Rg7+ Ka6 53. Kd5 Re2 54. Kc6 Rf2 55. Kd5 Rh2 56. Bc8+ Ka5 
57. Ra7+ Kb4 58. Be6 b5 59. cxb5 Kxb5 60. Ke4 a1=Q 61. Rxa1 Re2+ 62. Kf5 Rf2+ 
63. Kg4 Kb4 64. Rc1 1/2-1/2

[Event "Saturday 27 January Rapid Engine Tour 12+1 Rounds 9 Starts 1600 ST"]
[Site "Infinity Chess"]
[Date "2018.1.27"]
[Round "8"]
[White "Marsell"]
[Black "Prometheus"]
[Result "1/2-1/2"]
[ECO "C55"]
[WhiteElo "2462"]
[BlackElo "2460"]
[WhiteEngine "asmFishW_2018-01-11_popcnt"]
[BlackEngine "Eman 1.67a-64bit-IDeA"]
[EventType "Swiss"]
[WhiteTeam ""]
[BlackTeam ""]
[PlyCount "92"]
[TimeControl "720+1"]

1. e4 e5 2. Nf3 Nc6 3. Bc4 Nf6 4. d3 Bc5 5. c3 a5 6. O-O d6 7. Bg5 h6 8. Bh4 g5 
9. Bg3 O-O 10. a4 Kg7 11. Nbd2 Ba7 12. Re1 Ng8 13. Nf1 Nge7 14. Ne3 f5 
15. exf5 Nxf5 16. Nxf5+ Bxf5 17. Bd5 Qd7 18. d4 exd4 19. h4 gxh4 20. Nxh4 d3 
21. Bc4 Rf6 22. Kh1 Bh7 23. Bxd3 Rg8 24. Re2 Bxd3 25. Qxd3 Kh8 26. Qd2 Qg4 
27. Rae1 Ne5 28. Re4 Qg5 29. R1e2 Qxd2 30. Rxd2 Rxg3 31. fxg3 Rf1+ 32. Kh2 h5 
33. Rxe5 dxe5 34. g4 hxg4 35. Ng6+ Kg7 36. Nxe5 Ra1 37. Nxg4 Rxa4 38. Kh3 Ra2 
39. Rd7+ Kf8 40. Nf6 a4 41. Nh7+ Kg8 42. g4 Rxb2 43. Nf6+ Kf8 44. Nh7+ Kg8 
45. Nf6+ Kf8 46. Nh7+ Kg8 1/2-1/2